 Dungeon Crawl Stone Soup version 0.17.0-73-gb648821 (webtiles) character file.

18620 Ivanskos the Fighter (level 12, -10/122 HPs)
             Began as a Deep Dwarf Fighter on Dec 7, 2015.
             Was the Champion of Makhleb.
             Hit by a large rock thrown by a cyclops (11 damage)
             ... on level 12 of the Dungeon on Dec 9, 2015.
             The game lasted 01:10:25 (9476 turns).

Ivanskos the Fighter (Deep Dwarf Fighter)           Turns: 9476, Time: 01:10:25

Health: -10/122    AC: 17    Str: 24    XL:     12   Next: 29%
Magic:  9/9        EV: 11    Int: 13    God:    Makhleb [******]
Gold:   269        SH: 13    Dex: 17    Spells: 0 memorised, 11 levels left

rFire  . . .     SeeInvis +     D - +3 war axe
rCold  + . .     Clarity  .     l - +0 plate armour
rNeg   . . .     SustAt   .     c - +0 shield
rPois  .         Gourm    .     E - +0 helmet {Int+3}
rElec  .         Spirit   .     (no cloak)
rCorr  .         Warding  .     (no gloves)
rMut   .         Stasis   .     A - +0 pair of boots
MR     +....                    (no amulet)
Stlth  ..........               I - ring of see invisible
                                k - ring "Ranebbal" {rC+ Slay+2}

@: agile, non-regenerating, somewhat resistant to hostile enchantments,
extremely unstealthy
A: damage resistance, recharge devices, sense surroundings 2, slow regeneration
3
a: Device Recharging, Minor Destruction, Lesser Servant of Makhleb, Major
Destruction, Greater Servant of Makhleb, Renounce Religion


You were on level 12 of the Dungeon.
You worshipped Makhleb.
Makhleb was exalted by your worship.
You were not hungry.

You visited 2 branches of the dungeon, and saw 13 of its levels.
You also visited: Sewer.

You collected 919 gold pieces.
You spent 650 gold pieces at shops.

Inventory:

Hand Weapons
 D - a +3 war axe (weapon)
Armour
 c - a +0 shield (worn)
 l - a +0 plate armour (worn)
 A - a +0 pair of boots (worn)
 E - a +0 helmet of intelligence (worn)
 L - the +1 robe of the Fisher {Regen+ Str+3 Int-3}
   (You found it on level 11 of the Dungeon)

   It affects your strength (+3).
   It affects your intelligence (-3).
   It increases your rate of regeneration.
Jewellery
 j - a +5 ring of intelligence
 k - the ring "Ranebbal" (left hand) {rC+ Slay+2}
   (You bought it in a shop on level 6 of the Dungeon)

   [ring of slaying]

   It affects your accuracy and damage with ranged weapons and melee attacks
   (+2).
   It protects you from cold.
 I - a ring of see invisible (right hand)
Wands
 e - a wand of heal wounds (0)
 o - a wand of confusion (19)
 u - a wand of flame (34)
 z - a wand of invisibility (2)
Scrolls
 a - a scroll of enchant weapon
 b - 4 scrolls of remove curse
 d - a scroll of immolation {unknown}
 g - 2 scrolls of blinking
 n - 4 scrolls of fog
 r - 3 scrolls of magic mapping
 w - 2 scrolls of holy word {unknown}
 x - a scroll of summoning {unknown}
 y - 2 scrolls of teleportation
 C - a scroll of random uselessness {unknown}
Potions
 h - 12 potions of curing
 i - 3 potions of heal wounds
 s - 4 potions of magic
 v - a potion of resistance
 B - 2 potions of mutation
 F - a potion of flight
 G - a potion of cancellation {unknown}
 H - 2 potions of lignification
 K - a potion of poison {unknown}
Books
 m - an Akashic Record

   Spells                             Type                      Level
   a - Dispersal                      Translocation                6
   b - Malign Gateway                 Summoning/Translocation      7
   c - Disjunction                    Translocation                8
   d - Controlled Blink               Translocation                8
 q - a book of Death

   Spells                             Type                      Level
   a - Corpse Rot                     Necromancy                   2
   b - Sublimation of Blood           Necromancy                   2
   c - Agony                          Necromancy                   5
   d - Dispel Undead                  Necromancy                   5
   e - Excruciating Wounds            Charms/Necromancy            5
   f - Bolt of Draining               Conjuration/Necromancy       5
 J - a book of Summonings

   Spells                             Type                      Level
   a - Recall                         Summoning/Translocation      3
   b - Aura of Abjuration             Summoning                    5
   c - Shadow Creatures               Summoning                    5
   d - Summon Demon                   Summoning                    5
   e - Summon Forest                  Summoning/Translocation      5
   f - Summon Mana Viper              Hexes/Summoning              5
Comestibles
 f - 8 bread rations
 t - 10 fruits


   Skills:
 * Level 12.1 Fighting
 + Level 10.3 Axes
 + Level 10.4 Armour
 + Level 10.7 Shields


You had 11 spell levels left.
You didn't know any spells.

Dungeon Overview and Level Annotations

Branches:
Dungeon (12/15)            Temple (0/1) D:7            Lair (1/8) D:10
    Orc (0/4) D:12

Altars:
Elyvilon
Fedhas
Gozag
Makhleb
Okawaru
Trog
Vehumet
Xom
Zin

Shops:
D:3 *   D:6 (=[*(


Innate Abilities, Weirdness & Mutations

You are resistant to damage.
You can recharge devices by infusing magical energy.
You passively map the area around you.
You do not regenerate naturally.


Message History

Something smites you!
* * * LOW HITPOINT WARNING * * *
The orc priest looks braver for a moment.
You see here a large rock.
You block the stone giant's attack.
Items here: ( )) [ ††††† Drink which item? (? for menu, Esc to quit)
You feel agile all of a sudden.
The stone giant hits you but does no damage.
The cyclops throws a large rock.
You block the large rock.
You slash the stone giant!
The stone giant is lightly wounded.
The stone giant hits you but does no damage.
The cyclops throws a large rock.
The large rock closely misses you.
You slash the stone giant!
The stone giant is lightly wounded.
The stone giant hits you!!!
* * * LOW HITPOINT WARNING * * *
The cyclops throws a large rock.
The large rock hits you!
You die...

..........#.# #..# #..
.#####....#.# #.C# '.. .#
#>...#.# #..#, #.. .#
#....#.#########..########..
.#
#....#......................
.#
#....#......................
.#
#....#.................#####
.#####....#.....C...........#
..........#####.@..##########
..............#....#
..............#....#
..............#....#
###############)...#
..............)()..####* *
................)......,
...............(#######
..####### ..#########...(.#
#..........


You could see a stone giant and a cyclops.

Vanquished Creatures
  A tengu warrior (D:12)
  A skeletal warrior (D:12)
  Pikel (D:7)
  A hill giant (shapeshifter) (D:12)
  2 hill giants (D:10)
  An unseen horror (D:10)
  A wolf spider zombie (D:12)
  A griffon (D:12)
  4 ugly things
  3 cyclopes
  A manticore (D:12)
  A gargoyle (D:11)
  A two-headed ogre (D:9)
  A queen bee (shapeshifter) (D:12)
  A troll (shapeshifter) (D:12)
  3 trolls
  A wyvern (D:12)
  2 wraiths (D:10)
  5 yaks
  Eustachio (D:6)
  The ghost of Clownie the Shield-Bearer, an amateur FoFi (D:3)
  3 hungry ghosts
  A steam dragon (D:9)
  A vampire mosquito (D:12)
  Menkaure (D:4)
  3 hippogriffs
  A soldier ant (D:8)
  3 wargs (D:10)
  2 water moccasins (D:12)
  7 orc warriors
  A slave (D:7)
  5 sky beasts
  2 black bears
  3 ice beasts
  6 ogres
  2 phantoms
  3 centaurs
  4 big kobolds
  8 giant frogs
  A water moccasin skeleton (D:5)
  4 scorpions
  5 wights
  8 killer bees
  A centaur zombie (D:8)
  10 crimson imps
  A quasit (D:10)
  5 orc priests
  2 jellies
  3 centaur skeletons
  11 hounds
  3 iguanas (D:8)
  9 orc wizards
  A giant frog skeleton (D:12)
  Natasha (thrice) (D:2)
  15 worker ants
  3 sheep (D:12)
  2 hound zombies
  6 gnolls (D:4)
  21 adders
  A worker ant zombie (D:7)
  6 river rats (Sewer)
  2 oozes
  An adder skeleton (D:5)
  2 worms (D:4)
  48 orcs
  5 bats
  28 hobgoblins
  14 kobolds
  2 quokkas
  12 ball pythons (Sewer)
  13 giant cockroaches
  6 giant geckos
  A giant gecko skeleton (D:8)
  10 giant newts
  34 goblins
  A quokka skeleton (D:6)
  29 rats
  A fungus (D:1)
420 creatures vanquished.

Vanquished Creatures (others)
  A shadow (D:12)
  A slave (D:7)
  An orc wizard (D:7)
  An orc (D:7)
4 creatures vanquished.

Grand Total: 424 creatures vanquished

Notes
Turn   | Place    | Note
--------------------------------------------------------------
     0 | D:1      | Ivanskos the Deep Dwarf Fighter began the quest for the Orb.
     0 | D:1      | Reached XP level 1. HP: 20/20 MP: 1/1
   235 | D:1      | Reached XP level 2. HP: 24/27 MP: 2/2
   628 | D:1      | Reached XP level 3. HP: 25/34 MP: 3/3
   833 | D:2      | Noticed Natasha
   855 | D:2      | Killed Natasha
   966 | D:2      | Reached XP level 4. HP: 19/42 MP: 4/4
  1078 | D:2      | Noticed Natasha
  1094 | D:2      | Killed Natasha
  1094 | D:2      | Reached skill level 4 in Shields
  1294 | D:2      | Noticed Natasha
  1301 | D:2      | Killed Natasha
  1554 | D:3      | Found Zin's Purification Station.
  1570 | D:3      | Found a glowing silver altar of Zin.
  1732 | D:3      | Noticed Clownie's ghost (amateur FoFi)
  1746 | D:3      | Killed Clownie's ghost
  1746 | D:3      | Reached XP level 5. HP: 12/50 MP: 5/5
  1979 | D:4      | Noticed Menkaure
  1987 | D:4      | Killed Menkaure
  1987 | D:4      | Reached XP level 6. HP: 30/58 MP: 6/6
  2105 | D:4      | Found a bloodstained altar of Trog.
  2431 | D:4      | Reached skill level 5 in Fighting
  2431 | D:4      | Reached XP level 7. HP: 19/67 MP: 7/7
  2509 | D:4      | Reached skill level 5 in Armour
  2696 | D:4      | Reached skill level 5 in Shields
  2761 | D:4      | Upgraded the game from 0.17.0-57-g0e89251 to 0.17.0-73-gb648821
  3110 | D:5      | Entered Level 5 of the Dungeon
  3228 | D:5      | Found a blossoming altar of Fedhas.
  3230 | D:5      | Found an opulent altar of Gozag.
  3248 | D:5      | Found a white marble altar of Elyvilon.
  3252 | D:5      | Found a radiant altar of Vehumet.
  3283 | D:5      | Reached skill level 5 in Axes
  3426 | D:5      | Found a burning altar of Makhleb.
  3444 | D:5      | Became a worshipper of Makhleb the Destroyer
  3480 | D:5      | Reached skill level 6 in Fighting
  3480 | D:5      | Reached XP level 8. HP: 22/76 MP: 7/7
  3617 | D:5      | Found a glowing drain.
  3629 | Sewer    | Entered a sewer
  3828 | Sewer    | Reached * piety under Makhleb
  3980 | Sewer    | Reached ** piety under Makhleb
  4147 | D:6      | Found Pisos's Jewellery Shop.
  4149 | D:6      | Noticed Eustachio
  4175 | D:6      | Found Imepa's Weapon Emporium.
  4196 | D:6      | Killed Eustachio
  4196 | D:6      | Reached skill level 7 in Fighting
  4293 | D:6      | Found Wyug's General Store.
  4323 | D:6      | Gained mutation: You passively map the area around you. [Deep Dwarf growth]
  4323 | D:6      | Reached XP level 9. HP: 44/86 MP: 8/8
  4350 | D:6      | Found Tiateytt's Weapon Boutique.
  4405 | D:6      | Found Viym's Antique Armour Boutique.
  4667 | D:7      | Noticed Pikel
  4681 | D:7      | Killed Pikel
  4690 | D:7      | Found a shimmering altar of Xom.
  4703 | D:7      | Reached skill level 8 in Fighting
  4706 | D:7      | Reached *** piety under Makhleb
  4856 | D:7      | Found a runed door.
  4858 | D:7      | Found a runed door.
  5147 | D:7      | Found a staircase to the Ecumenical Temple.
  5451 | D:8      | Reached **** piety under Makhleb
  5620 | D:8      | Reached XP level 10. HP: 98/98 MP: 9/9
  6145 | D:9      | Reached skill level 9 in Fighting
  6236 | D:9      | Noticed a cyan ugly thing
  6254 | D:9      | Killed a cyan ugly thing
  6332 | D:9      | Found an iron altar of Okawaru.
  6527 | D:9      | Reached ***** piety under Makhleb
  6889 | D:10     | Entered Level 10 of the Dungeon
  7044 | D:10     | Reached skill level 10 in Fighting
  7090 | D:10     | Found a staircase to the Lair.
  7175 | D:10     | Reached XP level 11. HP: 109/109 MP: 10/10
  7384 | D:10     | Noticed a hill giant
  7505 | D:6      | Bought the ring "Ranebbal" {rC+ Slay+2} for 455 gold pieces
  7505 | D:6      | Bought an uncursed ring of see invisible for 195 gold pieces
  7633 | Lair:1   | Entered Level 1 of the Lair of Beasts
  7643 | D:10     | Noticed a hill giant
  7659 | D:10     | Killed a hill giant
  7767 | D:10     | Killed a hill giant
  7805 | D:10     | Noticed an unseen horror
  7830 | D:10     | Killed an unseen horror
  8254 | D:11     | HP: 3/110 [cyclops/large rock (37)]
  8452 | D:11     | Reached skill level 11 in Fighting
  8550 | D:11     | Got a twisted robe
  8561 | D:11     | Identified the +1 robe of the Fisher {Regen+ Str+3 Int-3} (You found it on level 11 of the Dungeon)
  8834 | D:12     | Reached ****** piety under Makhleb
  8835 | D:12     | Reached skill level 10 in Shields
  8903 | D:12     | Found a staircase to the Orcish Mines.
  9143 | D:12     | Noticed a tengu warrior
  9161 | D:12     | Killed a tengu warrior
  9271 | D:12     | Noticed a skeletal warrior
  9276 | D:12     | Reached skill level 10 in Armour
  9285 | D:12     | Killed a skeletal warrior
  9285 | D:12     | Reached XP level 12. HP: 87/121 MP: 9/9
  9296 | D:12     | Reached skill level 10 in Axes
  9355 | D:12     | Reached skill level 12 in Fighting
  9378 | D:12     | Noticed a stone giant
  9378 | D:12     | Noticed an anaconda
  9383 | D:12     | an anaconda changed into a hill giant
  9396 | D:12     | Noticed an entropy weaver
  9396 | D:12     | an alligator changed into an entropy weaver
  9398 | D:12     | Noticed a six-headed hydra
  9398 | D:12     | an entropy weaver changed into a six-headed hydra
  9404 | D:12     | an eight-headed hydra changed into a griffon
  9412 | D:12     | Noticed an ice dragon
  9412 | D:12     | a wolf spider changed into an ice dragon
  9412 | D:12     | an ice dragon changed into a hill giant
  9476 | D:12     | HP: 1/122 [stone giant (32)]
  9476 | D:12     | Hit by a large rock thrown by a cyclops

Action                   |  1- 3 |  4- 6 |  7- 9 | 10-12 || total
-------------------------+-------+-------+-------+-------++-------
Melee: War axe           |   157 |   134 |   607 |   704 ||  1602
 Abil: Device Recharging |       |       |     1 |     2 ||     3
Evoke: Wand              |     2 |     2 |     8 |    18 ||    30
  Use: Scroll            |       |       |    12 |     7 ||    19
       Potion            |       |       |     1 |     4 ||     5
  Eat: Meat ration       |       |     1 |     3 |       ||     4
       Beef jerky        |       |       |       |     7 ||     7
       Royal jelly       |       |       |       |     1 ||     1
       Bread ration      |       |       |       |     2 ||     2
       Fruit             |       |       |       |     2 ||     2
       Pizza             |       |       |       |     2 ||     2
